 Dungeon Crawl Stone Soup version 0.32-a0-660-g97ce250973 (webtiles) character file.

Game seed: 13374808991509484372

73 Bamboolord the Digger (level 4, 0/35 HPs)
             Began as a Mountain Dwarf Earth Elementalist on Mar 9, 2024.
             Killed from afar by Ijyb (14 damage)
             ... with a bolt of light
             ... on level 3 of the Dungeon.
             The game lasted 00:05:14 (1685 turns).

Bamboolord the Digger (MDEE)                        Turns: 1685, Time: 00:05:15

Health: 0/35       AC:  4    Str: 11    XL:     4   Next: 8%
Magic:  7/7        EV: 11    Int: 17    God:
Gold:   96         SH:  0    Dex: 10    Spells: 3/7 levels left

rFire   . . .        j - +0 dagger (venom)
rCold   . . .        (no shield)
rNeg    . . .        l - +0 leather armour
rPois   .            g - +0 helmet
rElec   .            (no cloak)
rCorr   .            (no gloves)
SInv    .            (no boots)
Will    .....        f - amulet of magic regeneration
Stlth   +            (no ring)
HPRegen 0.25/turn    (no ring)
MPRegen 0.50/turn

%: no passive effects
@: no status effects
A: runic magic, artefact enchanting
a: no special abilities


You were on level 3 of the Dungeon.
You visited 1 branch of the dungeon, and saw 3 of its levels.

You collected 96 gold pieces.

Inventory:

Hand Weapons
 j - a +0 dagger of venom (weapon)
Missiles
 d - a throwing net
Armour
 g - a +0 helmet (worn)
 l - a +0 leather armour (worn)
Jewellery
 f - an amulet of magic regeneration (around neck)
Scrolls
 b - a scroll of teleportation {unknown}
 c - 2 scrolls of poison
 h - a scroll of silence
 k - a scroll of blinking {unknown}
Potions
 a - a potion of berserk rage
 i - a potion of haste {unknown}
 m - 2 potions of curing {unknown}


   Skills:
 + Level 1.1 Fighting
 + Level 1.1 Armour
 - Level 1.3 Dodging
 + Level 1.7 Stealth
 * Level 2.4 Spellcasting
 * Level 1.8 Conjurations
 + Level 3.6 Earth Magic


You had 3 spell levels left.
You knew the following spells:

 Your Spells              Type           Power      Damage    Failure   Level
a - Sandblast             Erth           28%        2d8       4%          1
b - Passwall              Erth           14%        N/A       14%         3

Your spell library contained the following spells:

 Spells                   Type           Power      Damage    Failure   Level
 Stone Arrow              Conj/Erth      22%        3d8       19%         3
 Summon Small Mammal      Summ           8%         N/A       21%         1
 Call Canine Familiar     Summ           2%         N/A       52%         3
 Brom's Barrelling Bould  Conj/Erth      11%        2d3       54%         4
 Petrify                  Alch/Erth      8%         N/A       67%         4
 Summon Blazeheart Golem  Fire/Summ      2%         N/A       89%         4


Dungeon Overview and Level Annotations

Branches:
Dungeon (3/15)

Altars:
Nemelex Xobeh

Shops:
D:1 *

Annotations:
D:3 Ijyb


Innate Abilities, Weirdness & Mutations

Your spellcasting is much less encumbered by armour.
You can use scrolls of enchantment on lesser artefacts.


Message History

A quokka is nearby!
A quokka is nearby!
The quokka closely misses you.
The blast of sand hits the quokka.
The quokka is almost dead.
The quokka closely misses you. The quokka bites you.
The blast of sand hits the quokka!
You kill the quokka!
You can't see any susceptible monsters within range! (Use Z to cast anyway.) HP restored.
Found a stone staircase leading down.
You see here a quokka corpse.
Found 4 stones.
b - a scroll labelled BETAFR QYLAI An endoplasm comes into view.
Found a book of Callings.
An endoplasm is nearby!
An endoplasm is nearby!
Found 2 fizzy coppery potions.
Found 18 gold pieces.
Found a stone staircase leading up.
The endoplasm quivers.
The blast of sand hits the endoplasm!
You kill the endoplasm!
You can't see any susceptible monsters within range! (Use Z to cast anyway.)
You pick up a book of Callings and begin reading...
You add the spells Summon Small Mammal, Call Canine Familiar and Summon Blazeheart Golem to your library.
m - 2 fizzy coppery potions Ijyb the Inquisitive comes into view.
She is wielding a +0 club and carrying a wand of light.
Ijyb shouts!
Ijyb zaps a wand.
The bolt of light hits you!!
Ouch! That really hurt!
You see here 18 gold pieces.
As you read the scroll of summoning, it crumbles to dust.
Wisps of shadow whirl around you...
Ijyb zaps a wand.
The bolt of light hits your endoplasm!
Your endoplasm dies!
Your endoplasm dissolves into shadows!
The bolt of light hits you!
You die...
Ijyb moans, "Good help so hard to find!"

..## #.. ##..####... ..
##.......... ...
###.......g...#
...###.............#
..................###
...#...............#
#.#...o$..........#
##.....@..B........#
..#...................
.....................<#
###.###...............#
......................
.##..##>...............
##...................
..............#####.
###............##


You could see Ijyb (ally target), a friendly orc (summoned) and a friendly giant
cockroach (summoned).

Vanquished Creatures
  Robin (D:1)
  2 adders
  A dart slug (D:1)
  A ribbon worm (D:2)
  5 bats
  2 endoplasms
  6 goblins
  4 hobgoblins
  4 jackals (D:3)
  A quokka (D:3)
  3 ball pythons
  2 frilled lizards
  3 kobolds
  3 rats
38 creatures vanquished.

Notes
Turn   | Place    | Note
-------+----------+-------------------------------------------
     0 | D:1      | Bamboolord the Mountain Dwarf Earth Elementalist began the
                  | quest for the Orb.
     0 | D:1      | Reached XP level 1. HP: 14/14 MP: 3/3
    59 | D:1      | Reached skill level 1 in Conjurations
   526 | D:1      | Found Ysogruid's Assorted Antiques.
   530 | D:1      | Reached XP level 2. HP: 19/20 MP: 1/5
   735 | D:2      | Noticed Robin
   797 | D:1      | Killed Robin
   820 | D:2      | Reached XP level 3. HP: 27/27 MP: 4/6
   825 | D:2      | Learned a level 3 spell: Passwall
  1008 | D:2      | Reached skill level 1 in Armour
  1080 | D:2      | Reached skill level 1 in Fighting
  1325 | D:2      | Found a sparkling altar of Nemelex Xobeh.
  1639 | D:3      | Reached XP level 4. HP: 35/35 MP: 5/7
  1682 | D:3      | Noticed Ijyb
  1685 | D:3      | Killed from afar by Ijyb

Illustrated notes

Levels and vault maps discovered:
D:1:      erik_arrival_cave_to_civilisation [erik_arrival_cave_to_hall],
          layout_basic, serial_shops, shop, palyth_stone_intersect,
          amethyst_killhole
D:2:      minmay_kobold_bridge, layout_basic, basic_altar, minivault_11,
          uniq_robin
D:3:      layout_rooms, uniq_crazy_yiuf_cottage, uniq_jessica, uniq_sigmund,
          uniq_ijyb

Skill      XL: |  1  2  3 |
---------------+----------+-----
Conjurations   | 1 |  1.8
Spellcasting   | 2 |  2.4
Armour         | 1 |  1.1
Fighting       | 1 |  1.1
Dodging        | |  1.3
Stealth        | |  1.7
Earth Magic    | |  3.6

Action                     |  1- 3 |  4- 6 || total
---------------------------+-------+-------++-------
  Melee: Unarmed           |     1 |       ||     1
         Dagger            |     6 |       ||     6
   Cast: Sandblast         |    48 |     6 ||    54
    Use: Scroll            |     5 |     1 ||     6
         Potion            |     2 |       ||     2
 Armour: Robe              |    16 |       ||    16
         Animal skin       |     4 |       ||     4
         Leather armour    |       |     3 ||     3
  Dodge: Dodged            |    24 |     3 ||    27

Table legend: (Time is in decaauts)
 A = Elapsed time spent in this place.
 B = Non-inter-level travel time spent in this place.
 C = Inter-level travel time spent in this place.
 D = Time resting spent in this place.
 E = Time spent auto-exploring this place.
 F = Levels seen in this place.
 G = Mean time per level.
                   A        B        C        D        E       F      G
               +--------+--------+--------+--------+--------+-----+--------+
         Total |   1712 |   1674 |     38 |     58 |   1219 |   3 |  570.7 |
       Dungeon |   1712 |   1674 |     38 |     58 |   1219 |   3 |  570.7 |
               +--------+--------+--------+--------+--------+-----+--------+

Top non-repeatable levels by time:
     D:1: 797 daAuts
     D:2: 782 daAuts
     D:3: 133 daAuts
